 Dungeon Crawl Stone Soup version 0.23.1 (webtiles) character file.

Game seed: 3553315656647531772

10059 Norn the Spear-Bearer (level 11, 0/89 HPs)
             Began as a Merfolk Skald on Mar 8, 2019.
             Was a Believer of Ashenzari.
             Slain by a manticore (4 damage)
             ... on level 11 of the Dungeon.
             The game lasted 00:30:55 (13705 turns).

Norn the Spear-Bearer (Merfolk Skald)              Turns: 13705, Time: 00:30:56

Health: 0/89       AC:  5    Str: 12    XL:     11   Next: 56%
Magic:  10/14      EV: 17    Int: 15    God:    Ashenzari [**....]
Gold:   654        SH:  0    Dex: 14    Spells: 6/14 levels left

rFire    . . .     SeeInvis .   p - +0 trident
rCold    . . .     Gourm    .   (no shield)
rNeg     . . .     Faith    .   b - +0 leather armour
rPois    .         Spirit   .   n - +1 helmet (curse)
rElec    .         Reflect  .   (no cloak)
rCorr    .         Harm     .   (no gloves)
MR       +....                  (no boots)
Stlth    +.........             i - amulet of magic regeneration
HPRegen  0.24/turn              l - ring of protection from magic (curse)
MPRegen  0.39/turn              (no ring)

@: drained
A: change form in water, swift swim, stealthy swim
a: Curse Item, Scrying, Renounce Religion


You were on level 11 of the Dungeon.
You worshipped Ashenzari.
Ashenzari was pleased with you.
You were very hungry.

You visited 2 branches of the dungeon, and saw 12 of its levels.
You also visited: Sewer.

You collected 654 gold pieces.

Inventory:

Hand Weapons
 p - a +0 trident (weapon)
   (You took it off a merfolk siren in a sewer)
Missiles
 D - 2 throwing nets (quivered) {!f}
Armour
 b - a +0 leather armour (worn)
 n - a cursed +1 helmet (worn)
   (You found it on level 2 of the Dungeon)
 M - a cursed +0 cloak
   (You found it on level 10 of the Dungeon)
Jewellery
 i - an amulet of magic regeneration (around neck)
   (You found it on level 1 of the Dungeon)
 l - a cursed ring of protection from magic (left hand)
   (You found it on level 4 of the Dungeon)
 B - an uncursed amulet of rage
   (You found it on level 6 of the Dungeon)
 E - an uncursed ring of fire
   (You found it on level 7 of the Dungeon)
Wands
 d - a wand of iceblast (8)
   (You found it on level 5 of the Dungeon)
 v - a wand of digging (6)
   (You took it off Joseph on level 10 of the Dungeon)
 x - a wand of acid (14)
   (You found it on level 5 of the Dungeon)
 F - a wand of enslavement (9)
   (You found it on level 7 of the Dungeon)
 K - a wand of polymorph (12)
   (You found it on level 10 of the Dungeon)
Scrolls
 a - 4 scrolls of teleportation {@r4}
 c - a scroll of fear {unknown}
 g - 9 scrolls of remove curse {@r2}
 j - 2 scrolls of noise {unknown}
 w - a scroll of fog
 y - a scroll of enchant armour
 G - 5 scrolls of identify {@r1}
 H - a scroll of immolation {!r}
 J - a scroll of enchant weapon
 L - a scroll of silence {unknown}
 N - a scroll of vulnerability {unknown}
Potions
 f - 6 potions of curing {@q1}
 h - a potion of might {unknown}
 k - 4 potions of lignification {!q}
 m - 2 potions of resistance
 o - 5 potions of agility
 q - a potion of haste {unknown}
 r - 3 potions of cancellation
 s - 6 potions of flight
 t - 2 potions of magic
 u - 2 potions of brilliance
 z - 3 potions of invisibility {unknown}
 A - 2 potions of ambrosia
 C - a potion of heal wounds {unknown}
 I - a potion of degeneration {unknown}
Comestibles
 e - 20 rations {!d}


   Skills:
 + Level 9.1(8.0) Fighting
 - Level 14.5(13.2) Polearms
 - Level 0.6(0.0) Armour
 + Level 10.7(9.5) Dodging
 - Level 2.0(1.0) Spellcasting
 + Level 5.4(4.3) Hexes
 + Level 5.2(4.2) Charms
 - Level 2.0(1.0) Translocations
 - Level 5.0(4.0) Evocations


You had 6 spell levels left.
You knew the following spells:

 Your Spells              Type           Power        Failure   Level  Hunger
a - Infusion              Chrm           ##..         5%          1    ##.....
q - Shroud of Golubria    Chrm/Tloc      #.........   16%         2    ###....
t - Spectral Weapon       Hex/Chrm       ##......     16%         3    ####...
w - Song of Slaying       Chrm           ##......     9%          2    ###....

Your spell library contained the following spells:

 Spells                   Type           Power        Failure   Level  Hunger
 Confusing Touch          Hex            ##....       5%          1    ##.....
 Confuse                  Hex            ##......     16%         3    ####...
 Apportation              Tloc           #.....       21%         1    ##.....
 Animate Skeleton         Necr           N/A          30%         1    ##.....
 Beastly Appendage        Tmut           #.....       30%         1    ##.....
 Summon Small Mammal      Summ           #...         30%         1    ##.....
 Regeneration             Chrm/Necr      #.........   36%         3    ####...
 Sticks to Snakes         Tmut           #.......     43%         2    ###....
 Gell's Gravitas          Tloc           #.........   52%         3    ####...
 Spider Form              Tmut/Pois      #.........   67%         3    ####...
 Ice Form                 Ice/Tmut       #.......     97%         4    #####..
 Petrify                  Tmut/Erth      #.......     97%         4    #####..
 Metabolic Englaciation   Hex/Ice        #.........   98%         5    ######.
 Yara's Violent Unravell  Hex/Tmut       #.........   98%         5    ######.
 Blade Hands              Tmut           #.........   100%        5    ######.


Dungeon Overview and Level Annotations

Branches:
Dungeon (11/15)            Temple (1/1) D:4            Lair (0/6) D:8
    Orc (0/2) D:11

Altars:
Ashenzari
Cheibriados
Dithmenos
Elyvilon
Fedhas
Gozag
Hepliaklqana
Kikubaaqudgha
Makhleb
Nemelex Xobeh
Okawaru
Qazlal
Ru
Sif Muna
Trog
Uskayaw
Vehumet
Wu Jian
Xom
Yredelemnul
Zin
The Shining One

Shops:
D:7 =}[%}   D:11 :*

Annotations:
D:5 3 runed translucent doors, FunkyPutin's ghost, novice GrFi
D:7 2 transporters


Message History

The manticore completely misses you. The manticore barely misses you.
You hit the manticore.
The manticore flicks its tail.
The volley of spikes hits you!!
The barbed spikes become lodged in your body.
* * * LOW HITPOINT WARNING * * *
You feel better.
The manticore flicks its tail.
The volley of spikes misses you.
Attack whom?
Aim: a manticore (heavily wounded)
You reach to attack!
You barely miss the manticore. You hit the manticore.
Your spectral weapon hits the manticore.
The manticore bites your spectral weapon.
Your spectral weapon shares its damage with you!
* * * LOW HITPOINT WARNING * * *
The manticore closely misses your spectral weapon.
The manticore claws your spectral weapon!
Your spectral weapon shares its damage with you!
Your spectral weapon fades away.
* * * LOW HITPOINT WARNING * * *
You draw out your weapon's spirit!
The manticore closely misses you. The manticore barely misses you.
The manticore completely misses you.
You puncture the manticore!
You are feeling very hungry.
Your spectral weapon hits the manticore from afar.
The manticore flicks its tail.
The volley of spikes hits your spectral weapon!!
Your spectral weapon shares its damage with you!
Your spectral weapon fades away.
* * * LOW HITPOINT WARNING * * *
You draw out your weapon's spirit!
The manticore closely misses you. The manticore claws you.
* * * LOW HITPOINT WARNING * * *
The manticore claws you!
* * * LOW HITPOINT WARNING * * *
You feel better.
You carefully extract the barbed spikes from your body.
The manticore bites you!
* * * LOW HITPOINT WARNING * * *
The manticore claws you.
* * * LOW HITPOINT WARNING * * *
The manticore barely misses you.
You barely miss the manticore.
Your spectral weapon hits the manticore.
You hit the manticore but do no damage.
Your spectral weapon barely misses the manticore.
The manticore bites you.
You die...

.........# , ,,, #.........
..######.# , ,#######'###
..######.., ,* **, #..........
.......... , , ,, #..#.......
#########. ,* #..........
........#.## , , , #..........
........#...., #..........
.########.....#######+#.....###'#
.###...######..H@...........#....
............#..#(...#....##.#....
............#..#....#....##.#....
####..#######...............#....
*###..#....########....######....
#....#.##.#......#....# #....
#....#.##.#......#....# #####
#....#.##.#......#....##########
,#....#.##.#......#....#...##....


You could see a manticore and a friendly spectral +0 trident.

Vanquished Creatures
  4 two-headed ogres
  Nergalle (D:10)
  Joseph (D:10)
  A gargoyle (D:11)
  A komodo dragon (D:8)
  A queen bee (D:9)
  Grinder (D:4)
  A hornet (D:10)
  A hippogriff (D:8)
  A yak (D:10)
  2 wyverns
  2 hungry ghosts
  A steam dragon (D:9)
  A water moccasin (D:5)
  2 ice beasts
  2 sky beasts (D:10)
  A black bear (D:7)
  3 phantoms
  4 ogres
  4 centaurs
  2 big kobolds (D:7)
  5 bullfrogs
  A scorpion (D:8)
  17 killer bees (D:9)
  4 wights (D:11)
  2 howler monkeys
  A crimson imp (D:10)
  A bullfrog zombie (D:7)
  A quasit (D:7)
  A jelly (D:10)
  5 orc priests
  4 hounds
  2 iguanas
  8 orc wizards
  A bullfrog skeleton (D:11)
  10 worker ants
  2 merfolk sirens (Sewer)
  A merfolk avatar (Sewer)
  A hound zombie (D:10)
  2 hound skeletons (D:5)
  Robin (D:2)
  2 worker ant zombies (D:5)
  9 river rats
  12 adders
  4 shadow imps
  An adder skeleton (D:6)
  3 worms (D:3)
  4 dart slugs
  10 leopard geckos
  42 orcs
  3 ball pythons
  6 giant cockroaches
  12 goblins
  6 hobgoblins
  17 jackals
  3 quokkas
  3 bats
  13 frilled lizards
  9 kobolds
  A leopard gecko skeleton (D:4)
  A quokka skeleton (D:4)
  24 rats
292 creatures vanquished.

Vanquished Creatures (others)
  A plant (D:8)
  8 spectral weapons
9 creatures vanquished.

Grand Total: 301 creatures vanquished

Notes
Turn   | Place    | Note
-------+----------+-------------------------------------------
     0 | D:1      | Norn the Merfolk Skald began the quest for the Orb.
     0 | D:1      | Reached XP level 1. HP: 16/16 MP: 3/3
   402 | D:1      | Reached XP level 2. HP: 18/23 MP: 5/5
  1343 | D:2      | Reached XP level 3. HP: 28/28 MP: 3/6
  1369 | D:2      | Reached skill level 4 in Polearms
  1588 | D:2      | Learned a level 2 spell: Shroud of Golubria
  1592 | D:2      | Learned a level 3 spell: Spectral Weapon
  1932 | D:2      | Noticed Robin
  1942 | D:2      | Killed Robin
  1942 | D:2      | Reached XP level 4. HP: 14/34 MP: 0/7
  2473 | D:3      | Noticed a bullfrog
  2483 | D:3      | Killed a bullfrog
  2483 | D:3      | Reached skill level 5 in Polearms
  2483 | D:3      | Reached XP level 5. HP: 23/41 MP: 2/8
  2895 | D:3      | Reached XP level 6. HP: 32/47 MP: 6/9
  2903 | D:3      | Reached skill level 6 in Polearms
  3067 | D:3      | Found a glowing drain.
  3075 | Sewer    | Entered a sewer
  3402 | Sewer    | Reached skill level 1 in Hexes
  3513 | Sewer    | Reached skill level 1 in Translocations
  3960 | D:3      | Reached XP level 7. HP: 53/53 MP: 7/10
  4257 | D:4      | Found a glowing golden altar of the Shining One.
  4268 | D:4      | Reached skill level 7 in Polearms
  4360 | D:4      | Reached skill level 5 in Dodging
  4382 | D:4      | Noticed Grinder
  4394 | D:4      | Killed Grinder
  4671 | D:4      | Reached skill level 8 in Polearms
  4706 | D:4      | Reached XP level 8. HP: 59/61 MP: 7/11
  5016 | D:4      | Found a glowing golden altar of the Shining One.
  5021 | D:4      | Found a basalt altar of Yredelemnul.
  5103 | D:4      | Found a staircase to the Ecumenical Temple.
  5112 | D:4      | Got a translucent quarterstaff
  5117 | Temple   | Entered the Ecumenical Temple
  5123 | Temple   | Became a worshipper of Ashenzari the Shackled
  5402 | D:4      | Noticed an angel
  5418 | D:5      | Entered Level 5 of the Dungeon
  5426 | D:5      | Learned a level 2 spell: Song of Slaying
  5631 | D:5      | Found a runed translucent gate.
  5631 | D:5      | Found a runed translucent gate.
  5635 | D:5      | Noticed FunkyPutin's ghost (novice GrFi)
  5636 | D:5      | Found a runed translucent gate.
  5648 | D:5      | Found a stormy altar of Qazlal.
  5990 | D:5      | Reached skill level 9 in Polearms
  6090 | D:5      | Reached skill level 5 in Fighting
  7327 | D:6      | Reached skill level 10 in Polearms
  7457 | D:7      | Reached XP level 9. HP: 64/68 MP: 9/12
  7538 | D:7      | Found Ucazxy's Antique Armour Boutique.
  7597 | D:7      | Found Wyatziy's Food Boutique.
  7635 | D:7      | Noticed a two-headed ogre
  7652 | D:7      | Killed a two-headed ogre
  7652 | D:7      | Reached skill level 11 in Polearms
  7865 | D:7      | Found a transporter.
  7872 | D:7      | Noticed a kobold demonologist
  7893 | D:7      | Found a transporter.
  7963 | D:7      | Found Votoxtu's Gadget Boutique.
  7998 | D:7      | Reached * piety under Ashenzari
  8047 | D:7      | Reached skill level 1 in Evocations
  8211 | D:7      | Found Reylosat's Gadget Shoppe.
  8225 | D:7      | Found Ydaph's Jewellery Shop.
  8248 | D:7      | Found a blossoming altar of Fedhas.
  8258 | D:7      | Noticed a kobold demonologist
  8512 | D:7      | Reached skill level 12 in Polearms
  8564 | D:8      | Reached XP level 10. HP: 66/77 MP: 11/13
  8607 | D:8      | Noticed a two-headed ogre
  8621 | D:8      | Killed a two-headed ogre
  9058 | D:8      | Noticed a two-headed ogre
  9069 | D:8      | Killed a two-headed ogre
  9069 | D:8      | Reached skill level 13 in Polearms
  9182 | D:8      | Found a white marble altar of Elyvilon.
  9182 | D:8      | Found an opulent altar of Gozag.
  9398 | D:8      | Found a staircase to the Lair.
 10111 | D:9      | Noticed a two-headed ogre
 10142 | D:9      | Killed a two-headed ogre
 10142 | D:9      | Reached skill level 14 in Polearms
 10159 | D:9      | Reached XP level 11. HP: 67/86 MP: 10/14
 10519 | D:9      | Reached skill level 10 in Dodging
 10912 | D:9      | Reached skill level 5 in Evocations
 11504 | D:10     | Entered Level 10 of the Dungeon
 12165 | D:10     | Reached ** piety under Ashenzari
 12168 | D:10     | Noticed Nergalle
 12197 | D:10     | Killed Nergalle
 12197 | D:10     | Reached skill level 5 in Hexes
 12563 | D:10     | Noticed Joseph
 12587 | D:10     | Killed Joseph
 12587 | D:10     | Reached skill level 5 in Charms
 12933 | D:11     | Found a staircase to the Orcish Mines.
 12941 | D:11     | Found Kinexifo's General Store.
 13003 | D:11     | Found Loseir's Book Boutique.
 13687 | D:11     | Noticed a manticore
 13703 | D:11     | HP: 4/89 [manticore (1)]
 13705 | D:11     | Slain by a manticore

Skill      XL: |  1  2  3  4  5  6  7  8  9 10 11 |
---------------+----------------------------------+-----
Dodging        | 3 4 5 6 8 9 10 | 10.7
Polearms       | 4 5 6 8 10 12 14 | 14.5
Fighting       | 3 4 5 6 8 9 |  9.1
Charms         | 4 5 |  5.2
Hexes          | 1 2 3 4 5 |  5.4
Translocations | 1 2 |  2.0
Evocations     | 2 4 5 |  5.0
Armour         | |  0.6
Spellcasting   | |  2.0

Action                   |  1- 3 |  4- 6 |  7- 9 | 10-12 || total
-------------------------+-------+-------+-------+-------++-------
Melee: Spear             |   152 |   232 |       |       ||   384
       Trident           |       |    52 |   321 |   428 ||   801
       Tailslap          |       |     6 |       |       ||     6
 Cast: Infusion          |     8 |     6 |       |       ||    14
       Shroud of Golubri |     1 |     2 |       |     7 ||    10
       Spectral Weapon   |       |    13 |    38 |    36 ||    87
Invok: Curse Item        |       |       |     2 |       ||     2
Evoke: Wand              |       |       |     1 |     3 ||     4
  Use: Scroll            |       |     8 |       |     6 ||    14
       Potion            |       |       |       |     2 ||     2
 Stab: Sleeping          |       |     5 |     1 |     1 ||     7
       Distracted        |       |     1 |     3 |     7 ||    11
  Eat: Chunk             |     3 |    10 |    19 |    14 ||    46
       Ration            |       |       |     1 |     2 ||     3
Armor: Leather armour    |    31 |    35 |    35 |    34 ||   135
Dodge: Dodged            |    80 |   121 |   167 |   237 ||   605
